Map: Cerulean Fall LE

Players

Piroxiljin

  • Race: Terran Terran
  • Spawn Location: 7:00

VOD

Have the link to the VOD?

Description

Time

  • Played on: Jan. 17, 2019, 11:45 a.m.
  • Length: 15:02
Show
View Real Time Build Order
Export as new Build Order

Piroxiljin Terran 

Build Orders:  

Get SALT Encoding   

  12  0:02  SCV  
  13  0:21  SCV  
  14  0:30  Supply Depot  
  14  0:40  Refinery  
  14  0:42  SCV  
  15  1:00  SCV  
  16  1:12  Barracks  
  16  1:19  SCV  
  17  1:42  SCV  
  18  1:51  Refinery  
  18  2:07  SCV  
  19  2:24  Barracks Reactor  
  19  2:25  Supply Depot  
  19  2:41  Factory  
  19  2:47  SCV  
  20  3:35  Marine  
  21  3:59  Barracks  
  21  4:05  Marine  
  21  4:07  Hellion  
  24  4:11  Hellion  
  24  4:17  SCV  
  27  4:30  Supply Depot  
  27  4:33  SCV  
  27  4:37  Hellion, Marine  
  31  5:00  Hellion  
  31  5:07  Hellion  
  35  5:21  Barracks Tech Lab  
  35  5:24  Barracks Tech Lab  
  35  5:30  Hellion  
  35  5:33  Engineering Bay  
  35  5:38  Hellion  
  35  5:39  Barracks  
  39  5:54  Orbital Command  
  39  6:26  Terran Infantry Weapons Level 1, Supply Depot  
  39  6:56  SCV, Marauder, Hellion, Marine  
  45  7:13  SCV  
  36  7:21  Marine  
  46  7:30  SCV, Hellion x2  
  33  7:38  Command Center  
  36  8:14  Starport  
  36  8:15  Barracks Tech Lab  
  36  8:21  Hellion x2  
  40  8:32  SCV  
  41  8:51  Hellion  
  43  9:11  Marine  
  43  9:12  Marauder  
  43  9:18  Hellion  
  48  9:20  Hellion  
  48  9:21  Terran Infantry Armor Level 1  
  48  9:25  Medivac  
  52  9:48  Hellion  
  40  10:16  Starport Tech Lab  
  39  10:24  Fusion Core  
  39  10:34  Marauder x2  
  43  10:58  Unknown  
  43  11:04  Concussive Shells, Marauder  
  45  11:26  Corvid Reactor  
  45  11:34  SCV  
  46  12:00  Supply Depot  
  46  12:01  Supply Depot  
  46  12:03  Supply Depot  
  46  12:28  Armory  
  46  12:33  Supply Depot  
  46  12:39  Battlecruiser  
  52  12:58  Bunker  
  37  13:32  Marine  
  37  13:36  Marauder  
  37  13:38  Structure Armor  
  34  13:57  Marine  
  35  14:06  Marauder  
  26  14:22  Marauder  
  27  14:36  Marine  
Tags
 
Add a new tag
Caveats
  • Supply blocks, unpowered buildings, or Contaminate may cause inaccurate times.
  • Supply counts are checked every 10 seconds.